 Dungeon Sprint DCSS version 0.30-a0-469-g84de5afbc5 (webtiles) character file.

Game seed: 9428343278646072551

24350 rocky1 the Spry (level 13, -8/113 HPs)
             Began as a Merfolk Gladiator on Dec 19, 2022.
             Was an Initiate of Gozag.
             Mangled by Polyphemus (36 damage)
             ... in the Dungeon (Sprint III: "The Ten Rune Challenge").
             The game lasted 00:25:25 (5568 turns).

rocky1 the Spry (Merfolk Gladiator)                 Turns: 5568, Time: 00:25:25

Health: -8/113     AC: 15    Str: 17    XL:     13   Next: 12%
Magic:  25/25      EV: 15    Int: 14    God:    Gozag
Gold:   4747       SH: 14    Dex: 21    Spells: 25/28 levels left

rFire   + . .      SeeInvis +    a - +3 scimitar of Trog's Hope {vorpal, rC+ Will+}
rCold   + + +      Faith    .    v - +0 kite shield of Day {rPois rCorr Str+3 Int+7}
rNeg    . . .      Spirit   .    l - +2 chain mail of the Marlin {rC+ SInv}
rPois   +          Reflect  .    c - +0 helmet
rElec   .          Harm     .    b - scarf {rC+ rF+}
rCorr   +          Rampage  .    (no gloves)
Will    +....      NoTele   +    (no boots)
Stlth   ++........               (no amulet)
HPRegen 0.38/turn                (no ring)
MPRegen 0.19/turn                (no ring)

@: no status effects
A: (nimble swimmer 2), mertail
a: Renounce Religion, Potion Petition, Call Merchant, Bribe Branch


You were in the Dungeon.
You worshipped Gozag.
Gozag was most pleased with you.
You visited 1 branch You collected 13232 gold pieces.
You spent 4046 gold pieces at shops.
You paid 4439 gold pieces to Gozag.

Inventory:

Hand Weapons
 a - the +3 scimitar of Trog's Hope (weapon) {vorpal, rC+ Will+}
   (You bought it in a shop in the Dungeon)

   It inflicts extra damage upon your enemies.
   rC:        It protects you from cold.
   Will:      It increases your willpower.
 j - a +2 long sword of holy wrath
 s - a +0 scimitar of flaming
Missiles
 d - 3 throwing nets
 e - 5 javelins
 w - 6 curare-tipped darts (quivered)
Armour
 b - a scarf of resistance (worn)
 c - a +0 helmet (worn)
 h - the +0 scale mail of Gozag's Regard {rF+ rN+}
   (You bought it in a shop in the Dungeon)

   rF:        It protects you from fire.
   rN:        It protects you from negative energy.
 l - the +2 chain mail of the Marlin (worn) {rC+ SInv}
   (You bought it in a shop in the Dungeon)

   rC:        It protects you from cold.
   SInv:      It lets you see invisible.
 t - a +2 robe of fire resistance
 u - a +2 leather armour of cold resistance
 v - the +0 kite shield of Day (worn) {rPois rCorr Str+3 Int+7}
   (You bought it in a shop in the Dungeon)

   Str:       It affects your strength (+3).
   Int:       It affects your intelligence (+7).
   rPois:     It protects you from poison.
   rCorr:     It protects you from acid and corrosion.
 C - a +0 crystal plate armour
Magical Staves
 D - a staff of earth
Jewellery
 x - a ring of fire
Wands
 g - a wand of quicksilver (4)
 z - a wand of mindburst (11)
Scrolls
 m - 2 scrolls of poison
 p - 2 scrolls of immolation
 y - a scroll of silence
 B - a scroll of fear
 E - a scroll of magic mapping {unknown}
 I - 3 scrolls of fog {unknown}
Potions
 i - 4 potions of magic
 n - 3 potions of curing
 o - a potion of ambrosia
 q - 6 potions of flight
 r - 4 potions of mutation
 A - a potion of cancellation {unknown}
 F - 2 potions of attraction
 J - a potion of brilliance {unknown}
Miscellaneous
 f - a piece from Xom's chessboard (15/15)
 G - a lightning rod (4/4)
 H - a phial of floods


   Skills:
 + Level 14.1 Fighting
 - Level 16.0 Long Blades
 - Level 4.1 Throwing
 + Level 9.9 Armour
 + Level 16.7 Dodging
 + Level 10.3 Stealth
 * Level 12.3 Shields
 - Level 8.0 Spellcasting
 - Level 8.2 Conjurations
 - Level 8.3 Earth Magic
 + Level 6.7 Evocations


You had 25 spell levels left.
You knew the following spells:

 Your Spells              Type           Power      Damage    Failure   Level
a - Stone Arrow           Conj/Erth      56%        3d10      26%         3

Your spell library contained the following spells:

 Spells                   Type           Power      Damage    Failure   Level
 Sandblast                Erth           56%        2d13      9%          1
 Passwall                 Tmut/Erth      14%        N/A       56%         2
 Animate Armour           Summ/Erth      34%        N/A       99%         4
 Lehudib's Crystal Spear  Conj/Erth      14%        10d5      100%        8


Dungeon Overview and Level Annotations

Branches:
Dungeon (1/1)

Altars:
Cheibriados
Dithmenos
Elyvilon
Fedhas
Gozag
Hepliaklqana
Kikubaaqudgha
Makhleb
Nemelex Xobeh
Okawaru
Qazlal
Ru
Sif Muna
Trog
Uskayaw
Vehumet
Wu Jian
Xom
Yredelemnul
Zin
The Shining One
Jiyva
Lugonu

Shops:
D ([(

Annotations:
D Polyphemus


Innate Abilities, Weirdness & Mutations

((You are very nimble when in or above water. (Stealth+, EV+, Speed+++)))
Your lower body shifts to a powerful aquatic tail in water.


Message History

Polyphemus hits you!! You block Polyphemus's attack.
You slash Polyphemus!
Polyphemus is moderately wounded.
You hit Polyphemus but do no damage.
Polyphemus is moderately wounded.
Polyphemus says, "Do you like to play 'catch'?"
Polyphemus closely misses you. Polyphemus hits you but does no damage.
You hit Polyphemus but do no damage.
Polyphemus is moderately wounded.
You slice Polyphemus!!
Polyphemus is heavily wounded.
Polyphemus closely misses you. Polyphemus hits you but does no damage.
You hit Polyphemus but do no damage.
Polyphemus is heavily wounded.
You hit Polyphemus.
Polyphemus is heavily wounded.
Polyphemus hits you!!
* * * LOW HITPOINT WARNING * * *
Polyphemus hits you.
* * * LOW HITPOINT WARNING * * *
You slash Polyphemus!
Polyphemus is severely wounded.
Polyphemus is no longer moving slowly.
Okay, then. [a] - 1015 gold - resistance, might, haste, curing and magic [b] - 110 gold - heal wounds [c] - 560 gold - haste and resistance Purchase which effect?
You feel much better. Polyphemus barely misses you.
You block Polyphemus's attack.
Unknown command.
You hit Polyphemus but do no damage.
Polyphemus is severely wounded.
Polyphemus misses you. Polyphemus hits you!
* * * LOW HITPOINT WARNING * * *
You hit Polyphemus.
Polyphemus is severely wounded.
Polyphemus hits you!!!
You die...
Your body crumbles into a pile of gold.

▓...#≈≈~~~§~.≈♣♣♣♣♣♣♣#..♣♣
▓...#~≈≈.≈~.≈~♣
###'♣♣♣♣♣♣♣♣
▓##'####'#######♣
♣♣♣♣.##..##~~
▓........)......♣♣
♣...##.##.#~~
▓#+#############'♣
♣♣.##.##[##'~
.J.#~P..........♣
♣..#.##...#~
▓..J+~~...########♣♣
♣♣.##.##..#≈
▓..J#~~~...........♣
♣♣.##.#####.
▓...#~~~~......$@..♣
♣.....##....
#+#############C####
########+### ▓~~ ▓(≈Y
▓≈≈≈. ▓≈≈... ▓≈≈≈..≈
▓≈≈≈≈≈≈≈


You could see Polyphemus (poisoned).

Vanquished Creatures
  Sigmund (D)
  Rupert (D)
  Gastronok (D)
  2 dire elephants (D)
  2 hydras (D)
  A centaur warrior (D)
  Erica (D)
  4 death yaks (D)
  Urug (D)
  3 orc high priests (D)
  A death drake (D)
  A spriggan druid (D)
  A lindwurm (D)
  A deep elf pyromancer (D)
  An orc knight (D)
  An orc sorcerer (D)
  2 black mambas (D)
  2 elephants (D)
  Edmund (D)
  An unseen horror (D)
  2 cane toads (D)
  A komodo dragon (D)
  A rime drake (D)
  A queen bee (D)
  8 blink frogs (D)
  2 tyrant leeches (D)
  2 dream sheep (D)
  2 spriggans (D)
  A shadow (D)
  3 wandering mushrooms (D)
  3 redbacks (D)
  A spatial vortex (D)
  3 hydra simulacra (D)
  A swamp drake (D)
  2 orc warriors (D)
  2 centaurs (D)
  An earth elemental (D)
  A necrophage (D)
  A water elemental (D)
  32 killer bees (D)
  An electric eel (D)
  A jelly (D)
  4 orc priests (D)
  Jessica (D)
  A wizard (D)
  A necromancer (D)
  4 orc wizards (D)
  A wolf simulacrum (D)
  3 humans (D)
  A kobold demonologist (D)
  A phantom (D)
  7 orcs (D)
  3 rats (D)
128 creatures vanquished.

Vanquished Creatures (others)
  16 plants (D)
16 creatures vanquished.

Grand Total: 144 creatures vanquished

Notes
Turn   | Place    | Note
-------+----------+-------------------------------------------
     0 | D        | rocky1 the Merfolk Gladiator began the quest for the Orb.
     0 | D        | Reached XP level 1. HP: 16/16 MP: 1/1
   113 | D        | Noticed Jessica
   120 | D        | Killed Jessica
   121 | D        | Reached XP level 2. HP: 22/22 MP: 2/2
   121 | D        | Reached XP level 3. HP: 27/27 MP: 3/3
   274 | D        | Noticed a water elemental
   278 | D        | Killed a water elemental
   279 | D        | Reached XP level 4. HP: 33/33 MP: 4/4
   437 | D        | Noticed a shadow
   450 | D        | HP: 1/33 [something (10)]
   451 | D        | Killed a shadow
   452 | D        | Reached XP level 5. HP: 1/38 MP: 5/5
   452 | D        | Reached XP level 6. HP: 2/44 MP: 6/6
   455 | D        | Reached skill level 15 in Long Blades
   592 | D        | Found a blossoming altar of Fedhas.
   592 | D        | Found a stormy altar of Qazlal.
   592 | D        | Found a snail-covered altar of Cheibriados.
   592 | D        | Found a burning altar of Makhleb.
   592 | D        | Found a shimmering altar of Xom.
   593 | D        | Found a hazy altar of Hepliaklqana.
   593 | D        | Found an opulent altar of Gozag.
   593 | D        | Found a sparkling altar of Nemelex Xobeh.
   593 | D        | Found a corrupted altar of Lugonu.
   593 | D        | Found a viscous altar of Jiyva.
   593 | D        | Noticed a spatial vortex
   598 | D        | Became a worshipper of Gozag Ym Sagoz the Greedy
   614 | D        | Killed a spatial vortex
   615 | D        | Reached skill level 1 in Armour
   615 | D        | Reached skill level 5 in Dodging
   858 | D        | Found a basalt altar of Yredelemnul.
   858 | D        | Found a shadowy altar of Dithmenos.
   858 | D        | Found a sacrificial altar of Ru.
   866 | D        | Reached XP level 7. HP: 21/54 MP: 7/7
   995 | D        | Found a radiant altar of Vehumet.
   995 | D        | Found a shimmering blue altar of Sif Muna.
   995 | D        | Found an ancient bone altar of Kikubaaqudgha.
  1021 | D        | Learned a level 3 spell: Stone Arrow
  1029 | D        | Found a hide-covered altar of Uskayaw.
  1029 | D        | Found an iron altar of Okawaru.
  1029 | D        | Found a bloodstained altar of Trog.
  1029 | D        | Found an ornate altar of the Wu Jian Council.
  1029 | D        | Noticed a human
  1029 | D        | Noticed a human
  1071 | D        | Killed a human
  1072 | D        | Reached skill level 5 in Fighting
  1072 | D        | Reached skill level 1 in Spellcasting
  1072 | D        | Reached skill level 1 in Conjurations
  1072 | D        | Reached skill level 1 in Earth Magic
  1073 | D        | Killed a human
  1131 | D        | Found a glowing silver altar of Zin.
  1131 | D        | Found a glowing golden altar of the Shining One.
  1131 | D        | Found a white marble altar of Elyvilon.
  1133 | D        | Noticed a deep elf pyromancer
  1147 | D        | Killed a deep elf pyromancer
  1148 | D        | Reached XP level 8. HP: 5/65 MP: 10/13
  1414 | D        | Noticed Erica
  1428 | D        | Killed Erica
  1429 | D        | Reached XP level 9. HP: 58/72 MP: 13/15
  1473 | D        | Found Eheolin's Antique Weapon Shoppe.
  1473 | D        | Noticed an orc high priest
  1473 | D        | Noticed an orc sorcerer
  1488 | D        | Killed an orc high priest
  1489 | D        | Reached skill level 5 in Armour
  1489 | D        | Reached skill level 10 in Dodging
  1489 | D        | Reached skill level 5 in Spellcasting
  1489 | D        | Reached skill level 5 in Conjurations
  1489 | D        | Reached skill level 5 in Earth Magic
  1506 | D        | Noticed an orc knight
  1513 | D        | Killed an orc sorcerer
  1538 | D        | Killed an orc knight
  1539 | D        | Reached XP level 10. HP: 64/83 MP: 19/19
  1684 | D        | Bought a runed scarf for 272 gold pieces
  1684 | D        | Bought a faintly humming scale mail for 306 gold pieces
  1684 | D        | Identified the +0 scale mail of Gozag's Regard {rF+ rN+}
                  | (You bought it in a shop in the Dungeon)
  1684 | D        | Bought a distressingly furry chain mail for 323 gold pieces
  1684 | D        | Identified the +2 chain mail of the Marlin {rC+ SInv} (You
                  | bought it in a shop in the Dungeon)
  1684 | D        | Bought a glowing leather armour for 170 gold pieces
  1684 | D        | Bought an encrusted kite shield for 323 gold pieces
  1684 | D        | Identified the +0 kite shield of Day {rPois rCorr Str+3
                  | Int+7} (You bought it in a shop in the Dungeon)
  1786 | D        | Noticed a centaur warrior
  1792 | D        | Killed a centaur warrior
  1874 | D        | Killed an unseen horror
  1959 | D        | Reached skill level 10 in Fighting
  2082 | D        | Bought the +3 scimitar of Trog's Hope {vorpal, rC+ Will+}
                  | for 446 gold pieces
  2092 | D        | Noticed a cane toad
  2092 | D        | Noticed a cane toad
  2098 | D        | Killed a cane toad
  2108 | D        | Killed a cane toad
  2334 | D        | Noticed a lindwurm
  2345 | D        | Killed a lindwurm
  2346 | D        | Reached XP level 11. HP: 39/92 MP: 22/22
  2604 | D        | Noticed Urug
  2614 | D        | Killed Urug
  2615 | D        | Reached skill level 1 in Stealth
  2615 | D        | Reached skill level 5 in Shields
  2739 | D        | Noticed a four-headed hydra
  2739 | D        | Noticed a four-headed hydra
  2750 | D        | Killed a one-headed hydra
  2836 | D        | Killed a two-headed hydra
  2893 | D        | Noticed a death drake
  2901 | D        | Killed a death drake
  3384 | D        | Found a blossoming altar of Fedhas.
  3384 | D        | Noticed a spriggan druid
  3395 | D        | Killed a spriggan druid
  3498 | D        | Bought a scroll labelled VIS VECSAFUISU for 28 gold pieces
  3498 | D        | Bought 2 clear potions for 50 gold pieces
  3498 | D        | Bought 2 potions of flight for 168 gold pieces
  3498 | D        | Bought a lightning rod (4/4) for 840 gold pieces
  3498 | D        | Bought a phial of floods for 1120 gold pieces
  3585 | D        | Reached skill level 5 in Stealth
  3888 | D        | Reached skill level 1 in Evocations
  3888 | D        | Reached XP level 12. HP: 100/102 MP: 24/24
  3980 | D        | Noticed Sigmund
  3980 | D        | Noticed Edmund
  3991 | D        | Killed Sigmund
  3992 | D        | Reached skill level 15 in Dodging
  4005 | D        | Killed Edmund
  4053 | D        | Noticed a yaktaur captain
  4060 | D        | Noticed a soul eater
  4061 | D        | Noticed a soul eater
  4301 | D        | Noticed Rupert
  4315 | D        | Killed Rupert
  4316 | D        | Reached skill level 10 in Shields
  4688 | D        | Noticed an azure jelly
  4688 | D        | Noticed an azure jelly
  4688 | D        | Noticed an azure jelly
  4688 | D        | Noticed an azure jelly
  4692 | D        | Noticed a dire elephant
  4692 | D        | Noticed a dire elephant
  4692 | D        | Noticed Gastronok
  4944 | D        | Killed Gastronok
  4945 | D        | Reached skill level 5 in Evocations
  4960 | D        | Killed a dire elephant
  5223 | D        | Killed a dire elephant
  5284 | D        | Noticed a death yak
  5284 | D        | Noticed a death yak
  5286 | D        | Noticed a death yak
  5289 | D        | Noticed a death yak
  5302 | D        | Killed a death yak
  5310 | D        | Killed a death yak
  5318 | D        | Killed a death yak
  5319 | D        | Reached XP level 13. HP: 43/112 MP: 25/25
  5326 | D        | Reached skill level 10 in Stealth
  5540 | D        | Noticed Polyphemus
  5568 | D        | Mangled by Polyphemus

Illustrated notes

Levels and vault maps discovered:
D:        dungeon_sprint_mu [sprint_mu_entry_forest, sprint_mu_temple_rooms,
          sprint_mu_d1_horrors, sprint_mu_d2_genie, sprint_mu_d3_branching,
          sprint_mu_orc_legion, sprint_mu_elf_gauntlet, sprint_mu_hive_nellie,
          sprint_mu_lair_fedhas, sprint_mu_vaults_butterflies,
          sprint_mu_slime_circle, sprint_mu_swamp_cave, sprint_mu_shoals_archi,
          sprint_mu_blade_basic, sprint_mu_crypt_fortress,
          sprint_mu_tomb_spiral, sprint_mu_vestibule_basic,
          sprint_mu_gehenna_hellfire, sprint_mu_dis_giant,
          sprint_mu_tartarus_statrot, sprint_mu_cocytus_islands, sprint_mu_zot1]

Skill      XL: |  1  2  3  4  5  6  7  8  9 10 11 12 13 |
---------------+----------------------------------------+-----
Long Blades    | 7 11 14 15 16 | 16.0
Fighting       | 4 6 7 9 10 12 13 14 | 14.1
Throwing       | 3 4 |  4.1
Armour         | 2 4 5 7 8 9 |  9.9
Dodging        | 6 8 9 11 12 14 16 | 16.7
Spellcasting   | 3 4 6 7 8 |  8.0
Conjurations   | 3 4 5 7 8 |  8.2
Earth Magic    | 3 4 5 7 8 |  8.3
Shields        | 4 8 11 12 | 12.3
Stealth        | 6 9 10 | 10.3
Evocations     | 1 6 |  6.7

Action                   |  1- 3 |  4- 6 |  7- 9 | 10-12 | 13-15 || total
-------------------------+-------+-------+-------+-------+-------++-------
Melee: Long sword        |    35 |    36 |    41 |       |       ||   112
       Tailslap          |     3 |       |    11 |     8 |       ||    22
       Scimitar          |       |       |    38 |   422 |    36 ||   496
Throw: Javelin           |       |       |       |     5 |       ||     5
       Dart              |       |       |       |     6 |     1 ||     7
 Cast: Stone Arrow       |       |       |       |     1 |       ||     1
Invok: Potion Petition   |       |       |     1 |     4 |     1 ||     6
       Call Merchant     |       |       |       |     3 |       ||     3
Evoke: Lightning rod     |       |       |       |     5 |     3 ||     8
  Use: Potion            |     1 |     2 |     4 |       |       ||     7
       Scroll            |       |     3 |       |     4 |       ||     7
 Stab: Sleeping          |       |       |       |     3 |       ||     3
       Distracted        |       |       |       |     5 |       ||     5
       Invisible         |       |       |       |     1 |       ||     1
Armor: Leather armour    |     2 |     1 |     6 |    31 |       ||    40
       Chain mail        |       |       |       |    32 |     3 ||    35
Dodge: Dodged            |    18 |     7 |    29 |   194 |    12 ||   260
Block: Kite shield       |       |       |       |   170 |    13 ||   183

Table legend: (Time is in decaauts)
 A = Elapsed time spent in this place.
 B = Non-inter-level travel time spent in this place.
 C = Inter-level travel time spent in this place.
 D = Time resting spent in this place.
 E = Time spent auto-exploring this place.
 F = Levels seen in this place.
 G = Mean time per level.
                   A        B        C        D        E       F      G
               +--------+--------+--------+--------+--------+-----+--------+
         Total |   5381 |   5319 |     62 |   3698 |      0 |   1 | 5381.0 |
       Dungeon |   5381 |   5319 |     62 |   3698 |      0 |   1 | 5381.0 |
               +--------+--------+--------+--------+--------+-----+--------+

Top non-repeatable levels by time:
       D: 5381 daAuts
